 Dungeon Crawl Stone Soup version 0.29.0-4-gdea44cf6ec (webtiles) character file.

Game seed: 18311844034540686410

142 qw the Chopper (level 5, 0/30 HPs)
             Began as a Tengu Warper on Aug 28, 2022.
             Slain by an orc wizard
             ... wielding a +0 dagger
              (2 damage)
             ... on level 4 of the Dungeon.
             The game lasted 00:00:18 (4047 turns).

qw the Chopper (Tengu Warper)                       Turns: 4047, Time: 00:00:18

Health: 0/30       AC:  8    Str: 14    XL:     5   Next: 25%
Magic:  9/9        EV: 11    Int: 13    God:
Gold:   133        SH:  0    Dex: 13    Spells: 8/8 levels left

rFire   . . .      SeeInvis .   Y - +0 hand axe
rCold   . . .      Faith    .   (no shield)
rNeg    . . .      Spirit   .   h - +0 scale mail
rPois   .          Reflect  .   (helmet restricted)
rElec   .          Harm     .   (no cloak)
rCorr   .          Rampage  .   j - +1 pair of gloves
Will    .....                   (boots unavailable)
Stlth   ..........              (no amulet)
HPRegen 0.10/turn               (no ring)
MPRegen 0.11/turn               (no ring)

@: flying quickly and evasively, quick
A: beak, talons 3, nimble flight
a: no special abilities


You were on level 4 of the Dungeon.
You visited 1 branch of the dungeon, and saw 4 of its levels.

You collected 133 gold pieces.


Innate Abilities, Weirdness & Mutations

You have a beak for a mouth.
You have claws for feet.
Your magical nature lets you fly swiftly and evasively.


   Skills:
 - Level 2.0 Fighting
 + Level 5.8 Axes
 - Level 1.0 Throwing
 - Level 1.1 Armour
 - Level 2.1 Dodging
 - Level 2.0 Spellcasting
 - Level 2.4 Translocations


You had 8 spell levels left.
You didn't know any spells.
Your spell library contained the following spells:

 Spells                   Type           Power      Damage    Failure   Level
 Blink                    Tloc           14%        N/A       54%         2
 Gell's Gravitas          Tloc           7%         N/A       77%         3
 Lesser Beckoning         Tloc           7%         N/A       77%         3
 Teleport Other           Tloc           7%         N/A       77%         3
 Manifold Assault         Tloc           7%         N/A       100%        5

Inventory:

Hand Weapons
 g - a +0 whip
 Y - a +0 hand axe (weapon)
Armour
 h - a +0 scale mail (worn)
 j - a +1 pair of gloves (worn)
Scrolls
 a - a scroll of identify
Potions
 d - a potion of mutation
 f - a potion of brilliance {unknown}
 i - a potion of magic {unknown}

Dungeon Overview and Level Annotations

Branches:
Dungeon (4/15)
 Temple: D:4-7

Altars:


Message History

The orc priest is almost dead.
The orc priest mumbles some strange prayers to Beogh against you.
Beogh smites you!
You hit the orc priest.
You kill the orc priest!
You have reached level 5!
Your magical nature develops, letting you fly swiftly and evasively.
You hit the orc wizard.
The orc wizard is lightly wounded.
You hit the orc wizard. You claw the orc wizard.
You peck the orc wizard, but do no damage.
The orc wizard is moderately wounded.
The orc wizard hits you but does no damage.
You barely miss the orc wizard. Your kick misses the orc wizard.
The orc wizard is moderately wounded.
You hit the orc but do no damage. The orc hits you but does no damage.
The orc wizard mumbles some strange words.
The orc wizard flickers and vanishes!
Deactivating autopickup; reactivate with Ctrl-A.
You hit the orc. You claw the orc, but do no damage.
You peck the orc, but do no damage.
The orc is moderately wounded.
You barely miss something. The orc hits you but does no damage.
Something hits you but does no damage.
You hit the orc but do no damage.
The orc is moderately wounded.
You miss something.
A phantom comes into view.
The orc closely misses you.
You hear some strange, mumbled words.
Something tries to affect you, but you resist.
4044 ||| Stepping ~*~*~tactically~*~*~ (stealth).
You hit the orc.
You kill the orc!
You closely miss something. Something hits you but does no damage.
You closely miss something. Something hits you.
You die...

#.# W #.# .. #####
### #.# ... ".. #<#
#.# .... ...
#)###.# .....##)#
#.....# ......)?#
###.#.# #)# #.#.#
#@#######.#.#
####.##.........#.#
.........######.#.#
###.####.# #...#
.#......#.# #..##
....P.%...# #..#
.#......#.# ...#
#..[...P.# #.##
#P.....#.# #.#


There were no monsters in sight!

Vanquished Creatures
  An orc priest (D:4)
  4 adders
  3 worms
  2 dart slugs (D:1)
  2 orcs
  3 bats
  9 endoplasms
  A giant cockroach (D:3)
  3 goblins
  10 hobgoblins
  8 kobolds
  3 quokkas
  4 ball pythons
  A frilled lizard (D:3)
  7 rats
61 creatures vanquished.

Vanquished Creatures (others)
  2 plants (D:4)
2 creatures vanquished.

Grand Total: 63 creatures vanquished

Notes
Turn   | Place    | Note
-------+----------+-------------------------------------------
     0 | D:1      | qw the Tengu Warper began the quest for the Orb.
     0 | D:1      | Reached XP level 1. HP: 12/12 MP: 4/4
     0 | D:1      | 0 ||| qw: Version: 0.1-a-89-g26bdef1
     0 | D:1      | 0 ||| qw: Game counter: 3058
     0 | D:1      | 0 ||| qw: Always use a shield: true
     0 | D:1      | 0 ||| qw: God list: Okawaru
     0 | D:1      | 0 ||| qw: Allow faded altars: false
     0 | D:1      | 0 ||| qw: Do Orc after D:15 true
     0 | D:1      | 0 ||| qw: Do second Lair branch before Depths: true
     0 | D:1      | 0 ||| qw: Lair rune preference: random
     0 | D:1      | 0 ||| qw: Plans: Normal
     0 | D:1      | 0 ||| PLANNING D:1-11
    84 | D:1      | 84 ||| Stepping ~*~*~tactically~*~*~ (stealth).
    94 | D:1      | 94 ||| Stepping ~*~*~tactically~*~*~ (stealth).
   106 | D:1      | Reached skill level 3 in Axes
   106 | D:1      | Reached XP level 2. HP: 17/17 MP: 6/6
   469 | D:1      | 469 ||| Stepping ~*~*~tactically~*~*~ (stealth).
   471 | D:1      | 471 ||| Stepping ~*~*~tactically~*~*~ (stealth).
   507 | D:1      | 507 ||| Stepping ~*~*~tactically~*~*~ (stealth).
   741 | D:1      | 741 ||| Stepping ~*~*~tactically~*~*~ (hiding).
   847 | D:1      | 847 ||| Stepping ~*~*~tactically~*~*~ (hiding).
   849 | D:1      | 849 ||| Stepping ~*~*~tactically~*~*~ (hiding).
   972 | D:1      | 972 ||| Stepping ~*~*~tactically~*~*~ (stealth).
   979 | D:1      | Found a faded altar of an unknown god.
  1101 | D:1      | 1101 ||| UPGRADING to +0 scale mail.
  1111 | D:1      | 1111 ||| DROPPING +0 leather armour.
  1112 | D:1      | 1112 ||| READING 2 scrolls labelled NAKHAID SIDIRO.
  1113 | D:1      | 1113 ||| READING 3 scrolls labelled VEMNOE PEANU.
  1114 | D:1      | 1114 ||| READING scroll labelled REXICO EBUPP.
  1115 | D:1      | 1115 ||| READING scroll labelled SOEDAHA LEKIDI.
  1120 | D:1      | 1120 ||| DROPPING scroll of blinking.
  1121 | D:1      | 1121 ||| DROPPING 2 scrolls of poison.
  1171 | D:2      | Reached skill level 4 in Axes
  1171 | D:2      | Reached XP level 3. HP: 14/21 MP: 7/7
  1426 | D:2      | 1426 ||| STAIRDANCE
  1434 | D:2      | 1434 ||| STAIRDANCE
  1439 | D:2      | 1439 ||| STAIRDANCE
  1550 | D:2      | 1550 ||| STAIRDANCE
  1838 | D:2      | 1838 ||| READING scroll labelled YCHAROVOEF.
  1840 | D:2      | 1840 ||| FLEEEEING.
  1841 | D:2      | 1841 ||| FLEEEEING.
  1930 | D:2      | Reached XP level 4. HP: 26/26 MP: 8/8
  2666 | D:2      | 2666 ||| READING 2 scrolls labelled IRESE SEHUGEMY.
  2667 | D:2      | 2667 ||| DRINKING 2 viscous amethyst potions.
  2668 | D:2      | 2668 ||| DROPPING scroll of immolation.
  2811 | D:3      | Reached skill level 5 in Axes
  3076 | D:3      | 3076 ||| FLEEEEING.
  3077 | D:3      | 3077 ||| FLEEEEING.
  3078 | D:3      | 3078 ||| FLEEEEING.
  3079 | D:3      | 3079 ||| FLEEEEING.
  3080 | D:3      | 3080 ||| FLEEEEING.
  3081 | D:3      | 3081 ||| FLEEEEING.
  3082 | D:3      | 3082 ||| FLEEEEING.
  3083 | D:3      | 3083 ||| FLEEEEING.
  3283 | D:3      | 3283 ||| Stepping ~*~*~tactically~*~*~ (stealth).
  3291 | D:3      | 3291 ||| Stepping ~*~*~tactically~*~*~ (stealth).
  3294 | D:3      | 3294 ||| FLEEEEING.
  3295 | D:3      | 3295 ||| FLEEEEING.
  3296 | D:3      | 3296 ||| FLEEEEING.
  3297 | D:3      | 3297 ||| FLEEEEING.
  3591 | D:3      | 3591 ||| UPGRADING to +1 pair of gloves.
  3596 | D:3      | 3596 ||| READING scroll labelled ZULIAMNINKI.
  3597 | D:3      | 3597 ||| READING 2 scrolls of identify.
  3597 | D:3      | 3597 ||| IDENTIFYING inky potion
  3660 | D:4      | 3660 ||| FLEEEEING.
  3661 | D:4      | 3661 ||| FLEEEEING.
  3662 | D:4      | 3662 ||| FLEEEEING.
  3664 | D:4      | 3664 ||| STAIRDANCE
  3766 | D:4      | 3766 ||| STAIRDANCE
  3913 | D:4      | 3913 ||| Stepping ~*~*~tactically~*~*~ (hiding).
  3916 | D:4      | 3916 ||| FLEEEEING.
  3918 | D:4      | HP: 3/26 [orc/+0 flail (5)]
  3919 | D:4      | 3919 ||| READING scroll of teleportation.
  3920 | D:4      | 3920 ||| DRINKING potion of heal wounds.
  4027 | D:4      | 4027 ||| Stepping ~*~*~tactically~*~*~ (hiding).
  4037 | D:4      | HP: 1/26 [orc priest/divine providence (11)]
  4039 | D:4      | Gained mutation: Your magical nature lets you fly swiftly
                  | and evasively. [Tengu growth]
  4039 | D:4      | Reached XP level 5. HP: 1/30 MP: 9/9
  4043 | D:4      | Noticed a phantom
  4044 | D:4      | 4044 ||| Stepping ~*~*~tactically~*~*~ (stealth).
  4047 | D:4      | Slain by an orc wizard

Levels and vault maps discovered:
D:1:      matt_arrival_spirals, layout_basic, shapermc_ecumenical_altar_gd,
          minmay_indecisive_spiral
D:2:      layout_loops_ring, serial_co_window_serial, co_window_corner_a,
          co_window_paths_a, co_window_of_opportunity_a, co_window_paths_b,
          co_window_paths_a, co_window_paths_b, co_window_corner_a,
          co_window_paths_b, co_window_corner_a, co_window_unsneaky_path_c,
          co_window_2corner, co_window_2corner, co_window_corner_b,
          grunt_ministairs_13
D:3:      layout_basic, hangedman_decor_clover_reticule
D:4:      cheibrodos_old_hovel, layout_basic

Skill      XL: |  1  2  3  4 |
---------------+-------------+-----
Axes           | 3 4 5 |  5.8
Fighting       | |  2.0
Throwing       | |  1.0
Armour         | |  1.1
Dodging        | |  2.1
Spellcasting   | |  2.0
Translocations | |  2.4

Action                   |  1- 3 |  4- 6 || total
-------------------------+-------+-------++-------
Melee: Hand axe          |    64 |    88 ||   152
       Kick              |    19 |    20 ||    39
       Peck              |     5 |    12 ||    17
       Punch             |     1 |       ||     1
Throw: Boomerang         |     7 |       ||     7
  Use: Scroll            |     5 |     4 ||     9
       Potion            |       |     2 ||     2
Armor: Leather armour    |     7 |       ||     7
       Scale mail        |    12 |    23 ||    35
Dodge: Dodged            |    30 |    27 ||    57

Table legend:
 A = Non-vault XP
 B = Vault XP
 C = Vault XP percentage of total XP
 D = Non-vault monster count
 E = Vault monster count
 F = Vault count percentage of total count
                 A         B        C        D         E       F
            +---------+---------+-------+---------+---------+-------
      Total |     179 |      25 |  12.3 |      54 |       7 |  11.5
            +---------+---------+-------+---------+---------+-------
        D:1 |      31 |       7 |  18.4 |      15 |       4 |  21.1
        D:2 |      53 |      16 |  23.2 |      17 |       2 |  10.5
        D:3 |      35 |       0 |   0.0 |      17 |       0 |   0.0
        D:4 |      60 |       2 |   3.2 |       5 |       1 |  16.7
            +---------+---------+-------+---------+---------+-------
